 Dungeon Crawl Stone Soup version 0.15-b1-55-g17c0860 (webtiles) character file.

213 Nordron the Slinger (level 6, -7/38 HPs)
             Began as a Halfling Hunter on Aug 10, 2014.
             Mangled by an orc warrior
             ... wielding a +0 flail
              (16 damage)
             ... on Level 3 of the Dungeon.
             The game lasted 00:23:03 (3252 turns).

Nordron the Slinger (Halfling Hunter)               Turns: 3252, Time: 00:23:03

HP  -7/38        AC  4     Str 17      XL: 6   Next: 14%
MP   6/6         EV 14     Int 11      God:
Gold 118         SH  0     Dex 16      Spells:  0 memorised,  5 levels left

rFire  . . .     SeeInvis .     a - +0 short sword
rCold  . . .     Clarity  .     t - +0 leather armour
rNeg   . . .     rCorr    .     (no shield)
rPois  .         rRot     .     (no helmet)
rElec  .         Spirit   .     w - +0 cloak
SustAb .         Warding  .     (no gloves)
rMut   .         Stasis   .     (no boots)
Gourm  .                        (no amulet)
MR     .....                    (no ring)
                                (no ring)

@: mighty, not resistant to hostile enchantments, unstealthy
A: mutation resistance 1
a: no special abilities


You were on level 3 of the Dungeon.
You were not hungry.

You visited 1 branch of the dungeon, and saw 3 of its levels.

You collected 118 gold pieces.

Inventory:

Hand weapons
 a - a +0 short sword (weapon)
 b - a +1 hunting sling
Missiles
 e - 28 arrows of flame
 i - 46 stones (quivered)
 o - 13 arrows
Armour
 d - a +0 leather armour
 t - a +0 leather armour (worn)
 w - a +0 cloak (worn)
Comestibles
 f - 2 bread rations
 m - a royal jelly
 p - a meat ration
Scrolls
 g - a scroll of identify
 h - 2 scrolls of magic mapping
 j - a scroll of amnesia {unknown}
 k - a scroll of teleportation {unknown}
 l - a scroll of remove curse
 n - a scroll of enchant armour {unknown}
 q - a scroll of recharging {unknown}
 r - a scroll of immolation {unknown}


   Skills:
 + Level 1.1 Fighting
 + Level 1.0 Short Blades
 + Level 8.6 Slings
 + Level 1.9 Armour
 + Level 3.4 Dodging
 + Level 1.1 Stealth


You had 5 spell levels left.
You didn't know any spells.

Dungeon Overview and Level Annotations

Branches:
Dungeon (3/15)

Altars:


Innate Abilities, Weirdness & Mutations

You are small and have problems with some larger weapons.
You are somewhat resistant to further mutation.


Message History

You hit the orc warrior but do no damage.
The orc warrior is moderately wounded.
The orc warrior hits you but does no damage.
You barely miss the orc warrior.
The orc warrior is moderately wounded.
The orc warrior hits you but does no damage.
You feel refreshed.
It was a potion of restore abilities.
You feel very mighty all of a sudden.
It was a potion of might.
You feel less woody.
Your +0 cloak unmelds from your body.
Your +0 leather armour unmelds from your body.
The orc warrior hits you with a flail!
* * * LOW HITPOINT WARNING * * *
You feel better. The orc warrior hits you with a flail!
* * * LOW HITPOINT WARNING * * *
You hit the orc warrior.
The orc warrior is heavily wounded.
The orc warrior hits you with a flail!
You die...

### ### #########.. ..#
.......##.# #.#
######.##.# #.#
#####.##(######.#
#........(((.#..#
##.###.##.###((o@#########
.......##.# #.)).........#
#......##.####...#######.#
..###..##........# #.###
#.# #.#########.## #...#
#.###.# #.# ###.# #.....#
##'## #.# ###.### ##...##
#.# ###.##### ##.....##
##.#


You could see an orc warrior.

Vanquished Creatures
  A jelly (D:3)
  5 adders
  A giant mite (D:3)
  An inept feature mimic (D:3)
  3 worms
  An adder zombie (D:3)
  7 orcs (D:3)
  2 ball pythons (D:3)
  7 bats
  2 giant cockroaches
  5 goblins
  7 hobgoblins
  9 jackals
  10 kobolds
  2 quokkas (D:3)
  3 giant newts
  12 rats
78 creatures vanquished.

Notes
Turn   | Place    | Note
--------------------------------------------------------------
     0 | D:1      | Nordron, the Halfling Hunter, began the quest for the Orb.
     0 | D:1      | Reached XP level 1. HP: 12/12 MP: 1/1
    73 | D:1      | Reached skill level 6 in Slings
   125 | D:1      | Reached XP level 2. HP: 18/18 MP: 2/2
   534 | D:1      | Reached XP level 3. HP: 22/22 MP: 3/3
   580 | D:1      | Reached skill level 7 in Slings
  1233 | D:2      | Reached XP level 4. HP: 15/27 MP: 4/4
  1711 | D:2      | Reached skill level 1 in Armour
  1966 | D:3      | Reached skill level 1 in Fighting
  2187 | D:3      | Reached XP level 5. HP: 33/33 MP: 5/5
  2269 | D:3      | Reached skill level 8 in Slings
  2274 | D:3      | Noticed an orc warrior
  2785 | D:3      | Reached XP level 6. HP: 13/38 MP: 6/6
  3039 | D:3      | Reached skill level 1 in Short Blades
  3252 | D:3      | Mangled by an orc warrior

Action                   |  1- 3 |  4- 6 || total
-------------------------+-------+-------++-------
Melee: Short sword       |    16 |   129 ||   145
 Fire: Hunting sling     |    92 |   113 ||   205
  Use: Scroll            |     1 |     4 ||     5
       Potion            |       |     8 ||     8
  Eat: Chunk             |       |     4 ||     4
       Bread ration      |       |     1 ||     1
